 Dungeon Crawl Stone Soup version 0.26.1-2-gb8aa6d0cf2 (webtiles) character file.

Game seed: 1195084691592403021

21 Descartes the Skirmisher (level 2, -2/20 HPs)
             Began as a Deep Elf Wanderer on Mar 29, 2021.
             Slain by a gnoll
             ... wielding a +2 whip of pain
              (3 damage)
             ... on level 2 of the Dungeon on Mar 30, 2021.
             The game lasted 00:03:17 (1936 turns).

Descartes the Skirmisher (Deep Elf Wanderer)        Turns: 1936, Time: 00:03:18

Health: -2/20      AC:  3    Str:  8    XL:     2   Next: 65%
Magic:  6/8        EV: 11    Int: 15    God:
Gold:   42         SH:  0    Dex: 16    Spells: 7/8 levels left

rFire    . . .     SeeInvis +   a - +0 dagger
rCold    . . .     Faith    .   (no shield)
rNeg     . . .     Spirit   .   c - +0 robe
rPois    .         Reflect  .   (no helmet)
rElec    .         Harm     .   (no cloak)
rCorr    .         Rampage  .   l - +0 pair of gloves
Will     .....                  (no boots)
Stlth    ++........             (no amulet)
HPRegen  0.06/turn              p - ring of see invisible
MPRegen  0.11/turn              (no ring)

@: no status effects
A: no striking features
a: no special abilities


You were on level 2 of the Dungeon.
You visited 1 branch of the dungeon, and saw 2 of its levels.

You collected 42 gold pieces.

Inventory:

Hand Weapons
 a - a +0 dagger (weapon)
Missiles
 f - 16 stones
 g - 49 sling bullets
 h - 26 arrows
Armour
 c - a +0 robe (worn)
 k - a +0 leather armour
 l - a +0 pair of gloves (worn)
Jewellery
 p - a ring of see invisible (left hand)
Scrolls
 b - 2 scrolls of teleportation
 e - 2 scrolls of identify {unknown}
 i - a scroll of fog {unknown}
 j - a scroll of amnesia {unknown}
 m - a scroll of remove curse {unknown}
 n - a scroll of blinking {unknown}
Potions
 d - a potion of attraction {unknown}
 o - a potion of heal wounds {unknown}


   Skills:
 + Level 3.6 Fighting
 + Level 2.0 Throwing
 + Level 1.4 Stealth
 + Level 3.5 Spellcasting
 + Level 1.1 Transmutations
 + Level 0.4 Earth Magic


You had 7 spell levels left.
You knew the following spells:

 Your Spells              Type           Power        Failure   Level
a - Sandblast             Erth           8%           16%         1

Your spell library contained the following spells:

 Spells                   Type           Power        Failure   Level
 Passwall                 Tmut/Erth      4%           21%         2
 Stone Arrow              Conj/Erth      6%           45%         3
 Petrify                  Tmut/Erth      5%           80%         4
 Lee's Rapid Deconstruct  Erth           2%           99%         5


Dungeon Overview and Level Annotations

Branches:
Dungeon (2/15)

Altars:


Message History

Press: ? - help, Shift-Dir - straight line, f/p - gnoll
Aim: a gnoll, wielding a +2 whip of pain (moderately wounded, 19% to evade)
The blast of sand hits the gnoll.
The gnoll is heavily wounded.
The gnoll hits you with a +2 whip of pain!
* * * LOW HITPOINT WARNING * * *
You are too injured to fight recklessly!
You are too injured to fight recklessly!
You are too injured to fight recklessly!
You barely miss the gnoll.
The gnoll is heavily wounded.
The gnoll closely misses you.
You barely miss the gnoll.
The gnoll is heavily wounded.
The gnoll hits you with a +2 whip of pain.
* * * LOW HITPOINT WARNING * * *
You closely miss the gnoll.
The gnoll is heavily wounded.
The gnoll hits you with a +2 whip of pain.
You die...

######## ......†#
.......###########
.................#
...............#@#
.......#######.#g#
.......# #.#g#
.......# #.#..
.......# #.###
.......# #..
.......# ###
.........
##########


You could see 2 gnolls.

Vanquished Creatures
  A dart slug (D:1)
  3 leopard geckos (D:1)
  A giant cockroach (D:1)
  A goblin (D:1)
  A hobgoblin (D:1)
  2 kobolds (D:1)
  3 bats
  A frilled lizard (D:1)
  3 rats
16 creatures vanquished.

Vanquished Creatures (others)
  A plant (D:1)
1 creature vanquished.

Grand Total: 17 creatures vanquished

Notes
Turn   | Place    | Note
-------+----------+-------------------------------------------
     0 | D:1      | Descartes the Deep Elf Wanderer began the quest for the
                  | Orb.
     0 | D:1      | Descartes set off with the following items: a +0 dagger, 2
                  | scrolls of teleportation, a +0 robe; and the following
                  | spell memorised: Sandblast; and the following spells
                  | available to memorise: Passwall, Stone Arrow, Petrify,
                  | Lee's Rapid Deconstruction
     0 | D:1      | Reached XP level 1. HP: 14/14 MP: 6/6
   559 | D:1      | Reached XP level 2. HP: 15/19 MP: 1/8
  1935 | D:2      | HP: 1/20 [gnoll/+2 whip of pain (3)]
  1936 | D:2      | Slain by a gnoll

Illustrated notes

Levels and vault maps discovered:
D:1:      dpeg_arrival_lava_temple_mockup, layout_basic,
          minmay_misc_feat_columns, chequers_big_river
D:2:      layout_basic

Action                   || total
-------------------------++-------
Melee: Dagger            ||    85
 Cast: Sandblast         ||    18
Armor: Robe              ||    23
Dodge: Dodged            ||    63
